 Dungeon Sprint DCSS version 0.24-a0-246-gb963c9a (webtiles) character file.

Game seed: 586948079398199344

2354 MikeHunt the Slinger (level 9, -15/66 HPs)
             Began as a Halfling Hunter on Apr 12, 2019.
             Was a Priest of Okawaru.
             Demolished by an orc knight
             ... wielding a cursed +0 war axe
              (24 damage)
             ... in the Dungeon (Sprint III: "The Ten Rune Challenge").
             The game lasted 00:07:56 (1665 turns).

MikeHunt the Slinger (Halfling Hunter)              Turns: 1665, Time: 00:07:57

Health: -15/66     AC:  4    Str: 13    XL:     9   Next: 71%
Magic:  13/14      EV: 26    Int:  9    God:    Okawaru [***...]
Gold:   27         SH:  0    Dex: 18    Spells: 8/8 levels left

rFire    . . .     SeeInvis .   a - +2 quarterstaff (chaos)
rCold    . . .     Gourm    .   (shield currently unavailable)
rNeg     . . .     Faith    .   c - +0 leather armour
rPois    .         Spirit   .   (no helmet)
rElec    .         Reflect  .   p - +0 cloak
rCorr    .         Harm     .   (no gloves)
MR       .....     NoTele   +   (no boots)
Stlth    ++++++....             (no amulet)
HPRegen  0.21/turn              (no ring)
MPRegen  0.14/turn              (no ring)

@: heroism, hasted, very quick
A: small, mutation resistance 1
a: Heroism, Renounce Religion


You were in the Dungeon.
You worshipped Okawaru.
Okawaru was most pleased with you.
You were not hungry.

You visited 1 branch You collected 27 gold pieces.

Inventory:

Hand Weapons
 a - a +2 quarterstaff of chaos (weapon)
 b - a +1 hunting sling
 o - a +0 short sword
Missiles
 d - a sling bullet
Armour
 c - a +0 leather armour (worn)
 j - a cursed +0 chain mail
 p - a +0 cloak (worn)
Wands
 m - a wand of flame (15)
Scrolls
 k - a scroll of blinking
 l - 2 scrolls of identify {unknown}
 r - 2 scrolls of torment {unknown}
 s - 3 scrolls of remove curse {unknown}
Potions
 i - 2 potions of magic
 n - 4 potions of flight
 q - 3 potions of mutation
 t - a potion of degeneration {unknown}
Comestibles
 f - 4 rations
 u - 8 chunks of flesh {@w1}


   Skills:
 - Level 8.0(13.0) Fighting
 + Level 8.1(13.1) Staves
 - Level 13.5(18.5) Slings
 - Level 9.5(14.5) Dodging
 - Level 10.7(15.7) Stealth
 + Level 7.8 Invocations


You had 8 spell levels left.
You didn't know any spells.
Your spell library contained the following spells:

 Spells                   Type           Power        Failure   Level  Hunger
 Magic Dart               Conj           #...         45%         1    ##.....
 Blink                    Tloc           N/A          58%         2    ###....
 Call Imp                 Summ           #.......     58%         2    ###....
 Slow                     Hex            #.......     58%         2    ###....
 Conjure Flame            Conj/Fire      #.......     83%         3    ####...
 Mephitic Cloud           Conj/Pois/Air  #.......     83%         3    ####...
 Leda's Liquefaction      Hex/Erth       #.........   99%         4    #####..
 Bolt of Magma            Conj/Fire/Erth #.........   100%        5    ######.
 Iron Shot                Conj/Erth      #.........   100%        6    #######
 Statue Form              Tmut/Erth      #........    100%        6    #######
 Shatter                  Erth           #.........   100%        9    #######


Dungeon Overview and Level Annotations

Branches:
Dungeon (1/1)

Altars:
Cheibriados
Dithmenos
Elyvilon
Fedhas
Gozag
Hepliaklqana
Kikubaaqudgha
Makhleb
Nemelex Xobeh
Okawaru
Qazlal
Ru
Sif Muna
Trog
Uskayaw
Vehumet
Wu Jian
Xom
Yredelemnul
Zin
The Shining One
Beogh
Jiyva
Lugonu

Shops:
D }


Innate Abilities, Weirdness & Mutations

You are small and have problems with some larger weapons.
You are somewhat resistant to further mutation.


Message History

Aim: an orc knight, wielding a +0 war axe and wearing a +0 chain mail (moderately wounded)
You shoot a sling bullet.
The sling bullet closely misses the orc knight.
Your +2 quarterstaff of chaos is briefly surrounded by a scintillating aura of random colours.
a - a +2 quarterstaff of chaos (weapon)
You closely miss the orc knight.
The orc knight is moderately wounded.
The orc knight hits you with a cursed +0 war axe!
* * * LOW HITPOINT WARNING * * *
You feel better.
You completely miss the orc knight.
The orc knight is moderately wounded.
You hit the orc knight. You freeze the orc knight.
The orc knight is moderately wounded.
You closely miss the orc knight.
The orc knight is moderately wounded.
You sock the orc knight!
The orc knight is heavily wounded.
The orc knight hits you with a cursed +0 war axe!!
You die...

▓▓▓▓▓▓▓▓▓ ▓▓▓
▓<..#...#### ##.#####
▓...#......#####..#___#
▓..##.......#..#..#...#
▓##.##.##(..#..#..###'#
##.##.###..##'#..#..).
▓#.####o##(.###...'.o..
▓.###.@##.(####...#...#
▓#.....##.(###....#.⌠.#
###..##...##o....#)..#
##..##....#......#)###
#..###..##.#.....#...#
#..# #..#####....#___#
▓▓▓▓ ▓▓▓▓ ▓▓▓▓▓▓▓▓▓▓


You could see an orc knight.

Vanquished Creatures
  An orc high priest (D)
  A deep elf mage (D)
  A shadow (D)
  A spatial vortex (D)
  A necrophage (D)
  4 two-headed ogres (D)
  A water elemental (D)
  Crazy Yiuf (D)
  An orc priest (D)
  A jelly (D)
  A wizard (D)
  A necromancer (D)
  3 humans (D)
  A kobold demonologist (D)
  2 oozes (D)
  4 orcs (D)
  2 rats (D)
27 creatures vanquished.

Vanquished Creatures (others)
  2 draconian scorchers (D)
  6 hellions (D)
  2 yaktaurs (D)
  5 plants (D)
15 creatures vanquished.

Grand Total: 42 creatures vanquished

Notes
Turn   | Place    | Note
-------+----------+-------------------------------------------
     0 | D        | MikeHunt the Halfling Hunter began the quest for the Orb.
     0 | D        | Reached XP level 1. HP: 14/14 MP: 1/1
    16 | D        | Reached skill level 6 in Slings
    24 | D        | Reached skill level 7 in Slings
    24 | D        | Reached XP level 2. HP: 9/19 MP: 2/2
   108 | D        | Killed a hellion
   109 | D        | Killed a hellion
   110 | D        | Killed a hellion
   110 | D        | Killed a hellion
   111 | D        | Killed a hellion
   122 | D        | Killed a yaktaur
   210 | D        | Killed a hellion
   253 | D        | Reached skill level 9 in Slings
   253 | D        | Reached XP level 3. HP: 16/24 MP: 3/3
   268 | D        | Killed a white draconian scorcher
   270 | D        | Killed a white draconian scorcher
   351 | D        | Noticed Crazy Yiuf
   359 | D        | Killed Crazy Yiuf
   359 | D        | Reached skill level 11 in Slings
   359 | D        | Reached XP level 4. HP: 6/29 MP: 4/4
   527 | D        | Killed a yaktaur
   595 | D        | Noticed a water elemental
   606 | D        | Killed a water elemental
   606 | D        | Reached skill level 13 in Slings
   606 | D        | Reached XP level 5. HP: 15/34 MP: 5/5
   771 | D        | Found a hide-covered altar of Uskayaw.
   771 | D        | Found an iron altar of Okawaru.
   773 | D        | Found a roughly hewn altar of Beogh.
   773 | D        | Found a bloodstained altar of Trog.
   773 | D        | Found an ornate altar of the Wu Jian Council.
   773 | D        | Noticed a human
   773 | D        | Noticed a human
   776 | D        | Became a worshipper of Warmaster Okawaru
   782 | D        | Killed a human
   782 | D        | Reached skill level 5 in Dodging
   782 | D        | Reached XP level 6. HP: 8/44 MP: 6/6
   788 | D        | Killed a human
   788 | D        | Reached * piety under Okawaru
   788 | D        | Reached skill level 5 in Fighting
   788 | D        | Reached XP level 7. HP: 5/51 MP: 7/7
  1068 | D        | Found a glowing silver altar of Zin.
  1068 | D        | Found a glowing golden altar of the Shining One.
  1068 | D        | Found a white marble altar of Elyvilon.
  1068 | D        | Noticed a deep elf mage
  1082 | D        | Killed a deep elf mage
  1082 | D        | Reached skill level 10 in Stealth
  1082 | D        | Reached XP level 8. HP: 52/61 MP: 5/8
  1105 | D        | Found a basalt altar of Yredelemnul.
  1105 | D        | Found a shadowy altar of Dithmenos.
  1105 | D        | Found a sacrificial altar of Ru.
  1268 | D        | Found a radiant altar of Vehumet.
  1268 | D        | Found a deep blue altar of Sif Muna.
  1268 | D        | Found an ancient bone altar of Kikubaaqudgha.
  1280 | D        | Noticed an ice devil
  1282 | D        | Noticed a red devil
  1311 | D        | Noticed a shadow
  1323 | D        | Killed a shadow
  1347 | D        | Found a blossoming altar of Fedhas.
  1347 | D        | Found a stormy altar of Qazlal.
  1347 | D        | Found a snail-covered altar of Cheibriados.
  1347 | D        | Found a burning altar of Makhleb.
  1347 | D        | Found a shimmering altar of Xom.
  1348 | D        | Found a hazy altar of Hepliaklqana.
  1348 | D        | Found an opulent altar of Gozag.
  1348 | D        | Found a sparkling altar of Nemelex Xobeh.
  1348 | D        | Found a corrupted altar of Lugonu.
  1348 | D        | Found a viscous altar of Jiyva.
  1361 | D        | Reached ** piety under Okawaru
  1406 | D        | Reached skill level 5 in Staves
  1437 | D        | Reached XP level 9. HP: 46/65 MP: 8/10
  1539 | D        | Noticed a two-headed ogre
  1554 | D        | Killed a two-headed ogre
  1554 | D        | Reached skill level 5 in Invocations
  1574 | D        | Found Dealun's Gadget Shoppe.
  1591 | D        | Noticed an orc high priest
  1595 | D        | Noticed an orc knight
  1604 | D        | Noticed an orange demon
  1610 | D        | Killed an orc high priest
  1610 | D        | Reached *** piety under Okawaru
  1656 | D        | HP: 3/66 [orc knight/cursed +0 war axe (15)]
  1665 | D        | Demolished by an orc knight

Levels and vault maps discovered:
D:        dungeon_sprint_mu [sprint_mu_entry_cave, sprint_mu_temple_rooms,
          sprint_mu_d1_spiders, sprint_mu_d2_genie, sprint_mu_d3_branching,
          sprint_mu_orc_legion, sprint_mu_elf_gauntlet, sprint_mu_hive_nellie,
          sprint_mu_lair_fedhas, sprint_mu_vaults_butterflies,
          sprint_mu_slime_circle, sprint_mu_swamp_cave, sprint_mu_snake_twists,
          sprint_mu_blade_basic, sprint_mu_crypt_chambers,
          sprint_mu_tomb_spiral, sprint_mu_vestibule_basic,
          sprint_mu_gehenna_hellfire, sprint_mu_dis_giant,
          sprint_mu_tartarus_statrot, sprint_mu_cocytus_islands, sprint_mu_zot1]

Skill      XL: |  1  2  3  4  5  6  7  8  9 |
---------------+----------------------------+-----
Slings         | 7 9 11 13 | 13.5
Stealth        | 3 6 8 10 | 10.7
Fighting       | 4 5 7 8 |  8.0
Dodging        | 5 6 9 |  9.5
Staves         | 5 8 |  8.1
Invocations    | 2 7 |  7.8

Action                   |  1- 3 |  4- 6 |  7- 9 || total
-------------------------+-------+-------+-------++-------
Melee: Short sword       |    23 |       |       ||    23
       Quarterstaff      |       |    11 |    44 ||    55
 Fire: Hunting sling     |    23 |    10 |    89 ||   122
Invok: Heroism           |       |       |     5 ||     5
  Use: Potion            |       |     2 |     4 ||     6
 Stab: Sleeping          |     1 |       |       ||     1
  Eat: Chunk             |       |       |     2 ||     2
Armor: Leather armour    |     3 |     1 |     5 ||     9
Dodge: Dodged            |    22 |    14 |    66 ||   102

Table legend:
 A = Non-vault XP
 B = Vault XP
 C = Vault XP percentage of total XP
 D = Non-vault monster count
 E = Vault monster count
 F = Vault count percentage of total count
                 A         B        C        D         E       F
            +---------+---------+-------+---------+---------+-------
      Total |       0 |    3363 | 100.0 |       0 |      27 | 100.0
            +---------+---------+-------+---------+---------+-------
          D |       0 |    3363 | 100.0 |       0 |      27 | 100.0
            +---------+---------+-------+---------+---------+-------
